 Dungeon Crawl Stone Soup version 0.25.1-3-ge44b62a0b3 (webtiles) character file.

Game seed: 10021769294457531176

29 BledDest the Firebug (level 3, 0/26 HPs)
             Began as a Demonspawn Wanderer on Nov 23, 2020.
             Succumbed to an adder's poison
             ... on level 2 of the Dungeon.
             The game lasted 00:05:42 (1645 turns).

BledDest the Firebug (Demonspawn Wanderer)          Turns: 1645, Time: 00:05:42

Health: 0/26       AC:  2    Str: 10 (12) XL:     3   Next: 1%
Magic:  3/6        EV: 11    Int: 13 (14) God:
Gold:   56         SH:  0    Dex:  9 (12) Spells: 5/6 levels left

rFire    . . .     SeeInvis .   a - +0 hand axe
rCold    . . .     Gourm    .   (no shield)
rNeg     . . .     Faith    .   d - +0 robe
rPois    .         Spirit   .   (no helmet)
rElec    .         Reflect  .   (no cloak)
rCorr    .         Harm     .   (no gloves)
MR       .....                  (no boots)
Stlth    +.........             (no amulet)
HPRegen  0.08/turn              (no ring)
MPRegen  0.10/turn              (no ring)

@: mighty, lethally poisoned (0 -> -11), flying, very slightly contaminated
A: claws 1
a: no special abilities


You were on level 2 of the Dungeon.
You were hungry.

You visited 1 branch of the dungeon, and saw 2 of its levels.

You collected 56 gold pieces.

Inventory:

Hand Weapons
 a - a +0 hand axe (weapon)
Missiles
 b - 60 stones
 h - 30 poisoned darts (quivered)
Armour
 d - a +0 robe (worn)
Scrolls
 c - a scroll of teleportation
 e - a scroll of magic mapping
 j - a scroll of remove curse {unknown}
 k - 4 scrolls of identify {unknown}
Potions
 g - a potion of flight
 l - a potion of might
Comestibles
 f - a ration


   Skills:
 - Level 1.0 Fighting
 - Level 1.0 Axes
 - Level 1.0 Armour
 - Level 2.0 Spellcasting
 + Level 3.8 Fire Magic
   Level 2.0 Evocations


You had 5 spell levels left.
You knew the following spells:

 Your Spells              Type           Power        Failure   Level  Hunger
a - Foxfire               Conj/Fire      #...         12%         1    ##.....

Your spell library contained the following spells:

 Spells                   Type           Power        Failure   Level  Hunger
 Conjure Flame            Conj/Fire      #.......     34%         3    ####...
 Inner Flame              Hex/Fire       #.......     34%         3    ####...
 Sticky Flame             Conj/Fire      #.......     75%         4    #####..
 Fireball                 Conj/Fire      #.........   97%         5    ######.


Dungeon Overview and Level Annotations

Branches:
Dungeon (2/15)

Altars:


Innate Abilities, Weirdness & Mutations

You have sharp fingernails.


Message History

You feel sick. The adder bites you.
* * * LOW HITPOINT WARNING * * *
The adder bites you.
* * * LOW HITPOINT WARNING * * *
Unknown command.
* * * LOW HITPOINT WARNING * * *
You feel sick.
Really fly into that dispersal trap?
You enter a dispersal trap!
The adder blinks! x2; You blink.
* * * LOW HITPOINT WARNING * * *
You feel sick.
Found a scroll of teleportation.
Found an escape hatch in the ceiling.
Found a stone staircase leading down.
You see here a scroll labeled ZOATAI LOET.
k - 4 scrolls labeled ZOATAI LOET (gained 1)
* * * LOW HITPOINT WARNING * * *
You feel sick.
As you read the scroll labeled OLEC CENKYPRE, it crumbles to dust.
You feel aware of your surroundings.
It was a scroll of magic mapping.
You die...

########## #........#
###.........
##########.....§.....
##.......##.#.........
#........^...[........
#........##§#######.#.
#....@.##*#(# #...
#......# #w# ####
#......# #(#***** *,,
#......#**#(#,,,,***,*
#>.?...............,,,
##.....######.##.##*,*
#.<...# *,,,.#*,* *,*
####### *,***#*,* *,,
****,*****,* *,,


There were no monsters in sight!

Vanquished Creatures
  2 worms (D:1)
  A dart slug (D:1)
  4 bats (D:1)
  A giant cockroach (D:1)
  4 goblins
  5 hobgoblins (D:1)
  A frilled lizard (D:1)
  2 rats (D:1)
20 creatures vanquished.

Vanquished Creatures (others)
  23 foxfires
23 creatures vanquished.

Grand Total: 43 creatures vanquished

Notes
Turn   | Place    | Note
-------+----------+-------------------------------------------
     0 | D:1      | BledDest the Demonspawn Wanderer began the quest for the
                  | Orb.
     0 | D:1      | BledDest set off with the following items: a +0 hand axe, a
                  | scroll of teleportation, a +0 robe, a ration; and the
                  | following spell memorised: Foxfire; and the following
                  | spells available to memorise: Conjure Flame, Inner Flame,
                  | Sticky Flame, Fireball
     0 | D:1      | Reached XP level 1. HP: 15/15 MP: 3/3
   277 | D:1      | Reached skill level 3 in Fire Magic
   653 | D:1      | Gained mutation: You have sharp fingernails. [demonic
                  | ancestry]
   653 | D:1      | Reached XP level 2. HP: 17/21 MP: 5/5
  1470 | D:1      | Reached XP level 3. HP: 18/26 MP: 4/6
  1644 | D:2      | HP: 1/26 [poisoned by an adder]
  1645 | D:2      | Succumbed to an adder's poison

Illustrated notes

Levels and vault maps discovered:
D:1:      minmay_arrival_hallway, layout_loops_ring
D:2:      layout_basic

Skill      XL: |  1 |
---------------+----+-----
Fire Magic     | 3 |  3.8
Fighting       | |  1.0
Axes           | |  1.0
Armour         | |  1.0
Spellcasting   | |  2.0
Evocations     | |  2.0

Action                   || total
-------------------------++-------
Melee: Hand axe          ||    52
Throw: Dart              ||    27
 Cast: Foxfire           ||    22
  Use: Potion            ||     3
       Scroll            ||     1
  Eat: Chunk             ||     2
Armor: Robe              ||    24
Dodge: Dodged            ||    56
